 Dungeon Crawl Stone Soup version 0.31-a0-1242-g57893ffec4 (webtiles) character file.

Game seed: 14138971288479796358

6304 stimmpack the Bludgeoner (level 11, -4/89 HPs)
             Began as a Meteoran Cinder Acolyte on Dec 13, 2023.
             Was a Believer of Elyvilon.
             Slain by a fire elemental (7 damage)
             ... created by the fiery vengeance of Ignis
             ... on level 9 of the Dungeon on Dec 17, 2023.
             The game lasted 01:39:56 (4896 turns).

stimmpack the Bludgeoner (Meteoran Cinder Acolyte)  Turns: 4896, Time: 01:39:56

Health: -4/89      AC: 10    Str: 14    XL:     11   Next: 38%
Magic:  16/16      EV: 11    Int: 19    God:    Elyvilon [**....]
Gold:   326        SH:  0    Dex: 12    Spells: 10/16 levels left

rFire   . . .        P - +3 morningstar
rCold   . . .        U - orb {mayhem}
rNeg    + + .        r - +2 leather armour {Will+}
rPois   +            E - +0 hat
rElec   .            R - +2 ratskin cloak {*Rats rPois rN+ Str-1 Int-1 Dex+1}
rCorr   .            g - +0 pair of gloves
SInv    .            (no boots)
Will    ++...        L - amulet of faith
Stlth   +            j - ring of poison resistance
HPRegen 0.34/turn    v - ring of positive energy
MPRegen 0.15/turn

%: mayhem, faith
@: glowing, fire susceptible
A: sense surroundings 2, otherworldly, glowing, explore regen
a: Renounce Religion, Purification, Heal Other


You were on level 9 of the Dungeon.
You worshipped Elyvilon.
Elyvilon was pleased with you.
You visited 2 branches of the dungeon, and saw 10 of its levels.

You collected 326 gold pieces.

Inventory:

Hand Weapons
 a - a -1 mace of flaming
 b - a +2 heavy mace
 f - a +0 sling
 I - a +0 orcbow
 P - a +3 morningstar (weapon)
Missiles
 n - 44 stones
 z - 13 boomerangs
 T - a curare-tipped dart
Armour
 e - a +0 ring mail
 g - a +0 pair of gloves (worn)
 r - a +2 leather armour of willpower (worn)
 s - a +0 scale mail
 u - a +0 chain mail
 C - a +0 cloak
 E - a +0 hat (worn)
 H - a +1 leather armour of fire resistance
 M - a +0 plate armour
 R - the +2 ratskin cloak (worn) {*Rats rPois rN+ Str-1 Int-1 Dex+1}
   (You found it on level 8 of the Dungeon)

   *Rats:     When the wearer is hurt, rats may emerge from it to assist them.
   Str-1:     It affects your strength (-1).
   Int-1:     It affects your intelligence (-1).
   Dex+1:     It affects your dexterity (+1).
   rPois:     It protects you from poison rN+: It protects you from negative
   energy.
 U - an orb of mayhem (worn)
 X - the +3 scale mail of Wypleu Koki {rCorr}
   (You found it on level 9 of the Dungeon)

   rCorr:     It protects you from acid and corrosion.
Magical Staves
 F - a staff of air
 S - a staff of earth
Jewellery
 j - a ring of poison resistance (left hand)
 q - an amulet of guardian spirit
 v - a ring of positive energy (right hand)
 D - a ring of resist corrosion
 L - an amulet of faith (around neck)
Wands
 o - a wand of roots (13)
 y - a wand of flame (10)
 B - a wand of digging (7)
 N - a wand of quicksilver (11) (quivered)
 O - a wand of paralysis (5)
Scrolls
 c - 2 scrolls of identify
 d - 2 scrolls of revelation {unknown}
 l - 4 scrolls of vulnerability
 m - 2 scrolls of noise {unknown}
 p - a scroll of teleportation
 t - 3 scrolls of fog
 A - a scroll of amnesia {unknown}
 G - 3 scrolls of immolation {unknown}
 Q - a scroll of enchant armour {unknown}
 V - a scroll of fear {unknown}
 W - a scroll of acquirement {unknown}
Potions
 h - 3 potions of brilliance
 i - a potion of heal wounds
 k - 2 potions of berserk rage
 w - a potion of curing
 x - a potion of might
 J - 2 potions of cancellation {unknown}
 K - a potion of lignification


   Skills:
 - Level 6.0 Fighting
 * Level 15.6 Maces & Flails
 - Level 6.5 Armour
 - Level 3.0 Spellcasting
 + Level 6.2 Conjurations
 - Level 7.3 Fire Magic


You had 10 spell levels left.
You knew the following spells:

 Your Spells              Type           Power      Damage    Failure   Level
a - Scorch                Fire           60%        2d7       1%          2
b - Sticky Flame          Conj/Fire      28%        2d5       12%         4

Your spell library contained the following spells:

 Spells                   Type           Power      Damage    Failure   Level
 Hailstorm                Conj/Ice       14%        3d6       16%         3
 Stone Arrow              Conj/Erth      28%        3d8       16%         3
 Freeze                   Ice            8%         1d3       19%         1
 Sandblast                Erth           4%         2d4       19%         1
 Ignite Poison            Fire/Tmut/Pois 12%        N/A       21%         3
 Mephitic Cloud           Conj/Pois/Air  10%        N/A       24%         3
 Cigotuvi's Dreadful Rot  Necr/Pois/Air  4%         N/A       28%         2
 Passwall                 Tmut/Erth      1%         N/A       28%         2
 Poisonous Vapours        Pois/Air       4%         N/A       28%         2
 Brom's Barrelling Bould  Conj/Erth      14%        2d4       45%         4
 Frozen Ramparts          Ice            4%         1d1       50%         3
 Dispel Undead            Necr           2%         3d7       88%         4
 Freezing Cloud           Conj/Ice/Air   5%         6-21      91%         5
 Death Channel            Necr           1%         N/A       100%        6
 Ignition                 Fire           15%        3d6       100%        8


Dungeon Overview and Level Annotations

Branches:
Dungeon (9/15) Zot: 608    Temple (1/1) D:7 Zot: 319
   Lair: D:8-11         Orc: D:9-12

Altars:
Cheibriados
Dithmenos
Elyvilon
Fedhas
Gozag
Kikubaaqudgha
Makhleb
Nemelex Xobeh
Qazlal
Sif Muna
Uskayaw
Wu Jian
Yredelemnul
Zin
The Shining One

Shops:
D:2 *   D:4 =   D:6 (

Annotations:
D:6 1 transporter


Innate Abilities, Weirdness & Mutations

You passively map the area around you.
You are easily found by Zot.
You glow in the dark.
You regain HP and MP as you explore.


Message History

You barely miss the fire elemental.
The fire elemental is moderately damaged.
The fire elemental hits you. The fire elemental burns you!
You barely miss the fire elemental.
The fire elemental is moderately damaged.
The fire elemental misses you.
You hit the fire elemental.
The fire elemental is moderately damaged.
The fire elemental barely misses you.
You barely miss the fire elemental.
The fire elemental is moderately damaged.
The fire elemental hits you. The fire elemental burns you!
* * * LOW HITPOINT WARNING * * *
A river rat scurries out from under your cloak.
You closely miss the fire elemental.
The fire elemental is moderately damaged.
The fire elemental hits you. The fire elemental burns you!
* * * LOW HITPOINT WARNING * * *
A river rat scurries out from under your cloak.
You swap places.
Your river rat closely misses the fire elemental.
The fire elemental closely misses your river rat.
Your river rat bites the fire elemental!
The fire elemental hits your river rat.
The fire elemental burns your river rat!
Your river rat dies!
Your river rat bites the fire elemental.
The fire elemental closely misses your river rat.
Something hits your river rat. Something burns your river rat!
The fire elemental hits your river rat.
The fire elemental burns your river rat!
Your river rat dies!
The fire elemental barely misses something.
The fire elemental hits something.
The fire elemental burns something!
You see here the +3 scale mail of Wypleu Koki {rCorr}.
X - the +3 scale mail of Wypleu Koki {rCorr} The fire elemental hits you.
The fire elemental burns you!
* * * LOW HITPOINT WARNING * * *
The fire elemental hits you. The fire elemental burns you!
You die...

.........##...#### , ,
.#.............#.+ ,
.##......##.#<..)#,, , ,,
.##########.##...# * , ,
.# #.....## ,, * .#
####..#...## , * .#
#..........## . , .#
#..<..).....#.#.. ** * .#
#....).)E@......# * ,,
.#######......☼........#,
**
.............○..).......,
....!.....).............
, *
........###.#...........
, ,
..........).#...........
,, ,
........#####...........
, , ........#
##........#. ,, #########
#........# * *


You could see a fire elemental.

Vanquished Creatures
  A centaur warrior (D:8)
  A two-headed ogre (D:9)
  A cyclops (D:7)
  Jeremiah (D:8)
  A spriggan (shapeshifter) (D:8)
  A fire elemental (D:9)
  2 steam dragons
  An acid dragon (D:9)
  A water moccasin (D:6)
  6 orc warriors
  A sky beast (D:6)
  A black bear (D:6)
  2 ice beasts
  4 centaurs
  An ogre (D:6)
  2 phantoms
  A kobold brigand (D:8)
  A bullfrog (D:7)
  7 scorpions
  7 killer bees
  2 howler monkeys
  9 hounds
  A human zombie (D:5)
  2 gnoll boudas
  5 orc priests
  2 sleepcaps (D:6)
  3 iguanas
  Natasha (thrice) (D:3)
  10 orc wizards
  14 gnolls
  10 adders
  A white imp (D:7)
  A worm (D:2)
  A dart slug (D:1)
  43 orcs
  10 ball pythons
  5 endoplasms
  A giant cockroach (D:1)
  8 goblins
  9 hobgoblins
  2 jackals (D:5)
  3 quokkas
  7 bats
  5 frilled lizards
  A jackal skeleton (D:5)
  A jackal zombie (D:5)
  13 kobolds
  7 rats
222 creatures vanquished.

Vanquished Creatures (collateral kills)
  A kobold brigand (D:9)
  A killer bee (D:8)
  An orc wizard (D:8)
  4 orcs
  A kobold (D:9)
8 creatures vanquished.

Vanquished Creatures (others)
  A jelly (D:5)
  10 foxfires (D:3)
11 creatures vanquished.

Grand Total: 241 creatures vanquished

Notes
Turn   | Place    | Note
-------+----------+-------------------------------------------
     0 | D:1      | stimmpack the Meteoran Cinder Acolyte began the quest for
                  | the Orb.
     0 | D:1      | Reached XP level 1. HP: 19/19 MP: 3/3
    85 | D:1      | Reached XP level 2. HP: 23/26 MP: 3/5
   315 | D:1      | Reached XP level 3. HP: 29/31 MP: 5/7
   318 | D:1      | Learned a level 2 spell: Scorch
   489 | D:1      | Glimpsed the power of Zot.
   536 | D:1      | Glimpsed the power of Zot.
   576 | D:1      | Glimpsed the power of Zot.
   622 | D:2      | Reached XP level 4. HP: 38/38 MP: 8/8
   650 | D:2      | Found a faded altar of an unknown god.
   723 | D:2      | Found Wink's General Store.
  1004 | D:2      | Reached skill level 5 in Maces & Flails
  1081 | D:2      | Glimpsed the power of Zot.
  1131 | D:2      | Glimpsed the power of Zot.
  1233 | D:3      | Reached XP level 5. HP: 45/45 MP: 10/10
  1259 | D:3      | Reached skill level 1 in Armour
  1332 | D:3      | Noticed Natasha
  1344 | D:3      | Killed Natasha
  1345 | D:3      | Reached XP level 6. HP: 46/51 MP: 9/11
  1349 | D:3      | Noticed Natasha
  1353 | D:3      | Reached skill level 6 in Maces & Flails
  1361 | D:3      | Killed Natasha
  1627 | D:3      | Found a hide-covered altar of Uskayaw.
  1660 | D:3      | Glimpsed the power of Zot.
  1661 | D:3      | Noticed Natasha
  1663 | D:3      | Killed Natasha
  1706 | D:3      | Glimpsed the power of Zot.
  1725 | D:4      | Reached XP level 7. HP: 57/57 MP: 12/12
  1733 | D:4      | Reached skill level 7 in Maces & Flails
  1801 | D:4      | Found Garem's Jewellery Shop.
  1905 | D:4      | Reached skill level 8 in Maces & Flails
  1905 | D:4      | Reached XP level 8. HP: 11/63 MP: 5/13
  1984 | D:4      | Reached skill level 5 in Armour
  2219 | D:4      | Glimpsed the power of Zot.
  2220 | D:5      | Entered Level 5 of the Dungeon
  2221 | D:5      | Upgraded the game from 0.31-a0-1205-g5e5e916f41 to
                  | 0.31-a0-1236-gaa9e43cceb
  2232 | D:5      | Found a runed translucent door.
  2232 | D:5      | Noticed a human
  2237 | D:5      | Found a basalt altar of Yredelemnul.
  2315 | D:5      | Reached skill level 9 in Maces & Flails
  2523 | D:5      | Gained mutation: You passively map the area around you.
                  | [Meteoran growth]
  2523 | D:5      | Reached XP level 9. HP: 70/70 MP: 14/14
  2791 | D:5      | Glimpsed the power of Zot.
  2840 | D:6      | Found Ural's Antique Weapon Boutique.
  2848 | D:6      | Found a transporter.
  2855 | D:6      | Noticed a deep elf pyromancer
  2867 | D:6      | Found a stormy altar of Qazlal.
  2939 | D:6      | Reached skill level 10 in Maces & Flails
  3035 | D:6      | Reached skill level 5 in Fighting
  3111 | D:6      | Reached skill level 11 in Maces & Flails
  3131 | D:6      | Upgraded the game from 0.31-a0-1236-gaa9e43cceb to
                  | 0.31-a0-1242-g57893ffec4
  3169 | D:6      | Reached skill level 5 in Fire Magic
  3260 | D:6      | Found a shadowy altar of Dithmenos.
  3338 | D:6      | Found a sparkling altar of Nemelex Xobeh.
  3364 | D:6      | Glimpsed the power of Zot.
  3449 | D:7      | Reached XP level 10. HP: 64/83 MP: 10/15
  3513 | D:7      | Reached skill level 12 in Maces & Flails
  3519 | D:7      | Learned a level 4 spell: Sticky Flame
  3658 | D:7      | Found a staircase to the Ecumenical Temple.
  3697 | Temple   | Entered the Ecumenical Temple
  3780 | Temple   | Fell from the grace of Ignis
  3780 | Temple   | Became a worshipper of Elyvilon the Healer
  4071 | D:7      | Reached skill level 1 in Conjurations
  4143 | D:7      | Reached skill level 13 in Maces & Flails
  4181 | D:7      | Noticed a cyclops
  4189 | D:7      | Glimpsed the power of Zot.
  4190 | D:7      | Killed a cyclops
  4238 | D:7      | Glimpsed the power of Zot.
  4290 | D:8      | Reached * piety under Elyvilon
  4380 | D:8      | Found the +2 ratskin cloak {*Rats rPois rN+ Str-1 Int-1
                  | Dex+1}
  4501 | D:8      | Reached skill level 14 in Maces & Flails
  4535 | D:8      | Noticed a deep elf pyromancer
  4535 | D:8      | Noticed a centaur warrior
  4556 | D:8      | Noticed Jeremiah
  4576 | D:8      | Killed Jeremiah
  4577 | D:8      | Reached XP level 11. HP: 50/89 MP: 11/16
  4593 | D:8      | Noticed a centaur warrior
  4607 | D:8      | Killed a centaur warrior
  4608 | D:8      | Reached skill level 5 in Conjurations
  4621 | D:8      | a queen bee changed into a harpy
  4621 | D:8      | Noticed a harpy (shapeshifter)
  4659 | D:8      | Reached skill level 15 in Maces & Flails
  4696 | D:8      | HP: 2/89 [centaur warrior/stone (11)]
  4721 | D:8      | Reached ** piety under Elyvilon
  4819 | D:9      | Noticed a two-headed ogre
  4823 | D:9      | Killed a two-headed ogre
  4863 | D:9      | Identified the +3 scale mail of Wypleu Koki {rCorr}
  4896 | D:9      | HP: 3/89 [fire elemental[the fiery vengeance of Ignis] (8)]
  4896 | D:9      | Slain by a fire elemental

Illustrated notes

Levels and vault maps discovered:
D:1:      wander_arrival_peaceful_grave, layout_loops_cross
D:2:      layout_loops_corners, chequers_ecumenical_altar_simple, serial_forest,
          infiniplex_forest_lined_room_2, infiniplex_forest_end_3,
          infiniplex_forest_clump_small, infiniplex_forest_straight_5,
          infiniplex_forest_lined_room_, infiniplex_forest_lined_2,
          serial_shops, nicolae_shop_advertising_works
          [nicolae_subvault_shop_adworks]
D:3:      layout_rooms, nicolae_ru_the_path_less_chosen,
          mainiacjoe_overflow_swirl, minmay_misc_feat_plants, minivault_19,
          minmay_misc_feat_rugged, grunt_ministairs_4, uniq_natasha
D:4:      layout_cave_pools, serial_shops, shop, chequers_serial_rivers_small_a,
          dreamdust_gnoll_farm
D:5:      layout_loops_corners, dk_yredelemnul_ordeal
D:6:      layout_loops_ring, lemuel_coloured_pillars_altar,
          gammafunk_temple_overflow_arena, fiery_altar_vehumet,
          overflow_temple_1_default, nemelex_diamond_rough_becter, serial_shops,
          nicolae_stop_n_shop_1
D:7:      layout_gridville, minmay_temple_entry_mini_moons, minmay_microvault
D:8:      layout_cave_pools, kennysheep_mini_moat, dpeg_oklobed_lair,
          minmay_shattered_shrine, uniq_jeremiah
D:9:      cheibrodos_elevator_heist, layout_rooms, mainiacjoe_overflow_catwalk,
          serial_library_hellmonk_small_alcove, eino_tiny_chamber, uniq_erolcha
Temple:   nicolae_temple_bog_church

Skill      XL: |  1  2  3  4  5  6  7  8  9 10 11 |
---------------+----------------------------------+-----
Spellcasting   | 2 3 |  3.0
Fire Magic     | 4 5 7 |  7.3
Maces & Flails | 5 6 8 9 11 14 15 | 15.6
Armour         | 2 3 4 6 |  6.5
Fighting       | 6 |  6.0
Conjurations   | 4 6 |  6.2

Action                     |  1- 3 |  4- 6 |  7- 9 | 10-12 || total
---------------------------+-------+-------+-------+-------++-------
  Melee: Mace              |    81 |   122 |   237 |   103 ||   543
         Punch             |       |       |     3 |     3 ||     6
         Morningstar       |       |       |       |    79 ||    79
  Throw: Stone             |       |     4 |    12 |     2 ||    18
         Boomerang         |       |       |    10 |       ||    10
   Cast: Scorch            |     1 |       |       |    15 ||    16
         Sticky Flame      |       |       |       |     7 ||     7
 Invoke: Fiery Armour      |     1 |     3 |     4 |     1 ||     9
         Foxfire Swarm     |       |     1 |       |       ||     1
  Evoke: Wand              |       |       |     2 |    15 ||    17
    Use: Scroll            |       |     3 |     7 |     3 ||    13
         Potion            |       |       |       |     2 ||     2
   Stab: Distracted        |       |       |       |     2 ||     2
 Armour: Robe              |    12 |       |       |       ||    12
         Ring mail         |    42 |    15 |       |       ||    57
         Leather armour    |       |    16 |       |   235 ||   251
         Scale mail        |       |    42 |    80 |       ||   122
         Chain mail        |       |       |   190 |       ||   190
  Dodge: Dodged            |    49 |    59 |   139 |   177 ||   424

Table legend: (Time is in decaauts)
 A = Elapsed time spent in this place.
 B = Non-inter-level travel time spent in this place.
 C = Inter-level travel time spent in this place.
 D = Time resting spent in this place.
 E = Time spent auto-exploring this place.
 F = Levels seen in this place.
 G = Mean time per level.
                   A        B        C        D        E       F      G
               +--------+--------+--------+--------+--------+-----+--------+
         Total |   5070 |   4870 |    200 |      0 |    297 |  10 |  507.0 |
       Dungeon |   4790 |   4601 |    189 |      0 |    297 |   9 |  532.2 |
        Temple |    280 |    269 |     11 |      0 |      0 |   1 |  280.0 |
               +--------+--------+--------+--------+--------+-----+--------+

Top non-repeatable levels by time:
     D:5: 647 daAuts
     D:7: 613 daAuts
     D:6: 600 daAuts
     D:1: 593 daAuts
     D:2: 592 daAuts
     D:3: 575 daAuts
     D:4: 539 daAuts
     D:8: 495 daAuts
  Temple: 280 daAuts
     D:9: 133 daAuts
